 Dungeon Crawl Stone Soup version 0.30.1-11-g7821555f0a (webtiles) character file.

Game seed: 9430444876295829580

5543 Gabide the Destroyer (level 10, -12/83 HPs)
             Began as a Demigod Conjurer on Nov 10, 2023.
             Mangled by a skeletal warrior
             ... wielding a +0 scimitar
              (17 damage)
             ... on level 9 of the Dungeon.
             The game lasted 00:24:26 (10904 turns).

Gabide the Destroyer (Demigod Conjurer)            Turns: 10904, Time: 00:24:27

Health: -12/83     AC:  6    Str: 11    XL:     10   Next: 20%
Magic:  1/53       EV: 14    Int: 32    God:
Gold:   487        SH:  0    Dex: 12    Spells: 14/25 levels left

rFire   . . .        i - +1 mace of Paper {vamp, rPois rCorr MP+9 Str+3}
rCold   . . .        (no shield)
rNeg    . . .        c - +0 robe
rPois   +            (no helmet)
rElec   .            H - +0 cloak of the Ten Xenops {MP+9 SInv}
rCorr   +            (no gloves)
SInv    +            u - +2 pair of boots
Will    ++...        (no amulet)
Stlth   ++           A - ring of willpower
HPRegen 0.33/turn    q - ring of magical power
MPRegen 0.33/turn

%: no passive effects
@: about to teleport
A: high MP 1, forlorn, divine attributes
a: no special abilities


You were on level 9 of the Dungeon.
You visited 2 branches of the dungeon, and saw 10 of its levels.
You also visited: Ossuary.

You collected 567 gold pieces.
You spent 80 gold pieces at shops.

Inventory:

Hand Weapons
 a - a +4 dagger of venom
 b - a +0 long sword of electrocution
 i - the +1 mace of Paper (weapon) {vamp, rPois rCorr MP+9 Str+3}
   (You found it on level 6 of the Dungeon)

   Str:       It affects your strength (+3).
   rPois:     It protects you from poison.
   MP:        It affects your magic capacity (+9).
   rCorr:     It protects you from acid and corrosion.
Missiles
 D - 4 curare-tipped darts
Armour
 c - a +0 robe (worn)
 n - a +0 ring mail of poison resistance
 t - a +0 buckler
 u - a +2 pair of boots (worn)
 H - the +0 cloak of the Ten Xenops (worn) {MP+9 SInv}
   (You found it on level 8 of the Dungeon)

   MP:        It affects your magic capacity (+9).
   SInv:      It lets you see invisible.
Magical Staves
 g - a staff of cold
Jewellery
 k - a ring of positive energy
 q - a ring of magical power (right hand)
 A - a ring of willpower (left hand)
 B - a ring of see invisible
Wands
 x - a wand of polymorph (3)
 F - a wand of mindburst (9)
Scrolls
 f - 3 scrolls of fog
 p - a scroll of amnesia
 s - 2 scrolls of teleportation
 y - a scroll of poison
 z - 3 scrolls of brand weapon
 G - a scroll of silence
Potions
 d - a potion of resistance
 e - a potion of haste
 h - a potion of lignification
 j - 4 potions of magic
 l - a potion of ambrosia
 m - 6 potions of curing
 o - 4 potions of mutation
 r - a potion of brilliance
 v - 2 potions of might {unknown}
 w - a potion of invisibility
 I - 2 potions of attraction {unknown}
 J - a potion of heal wounds


   Skills:
 - Level 6.0 Fighting
 - Level 6.0 Dodging
 - Level 3.0 Stealth
 + Level 8.1 Spellcasting
 + Level 8.4 Conjurations


You had 14 spell levels left.
You knew the following spells:

 Your Spells              Type           Power      Damage    Failure   Level
a - Magic Dart            Conj           100%       1d8       1%          1
b - Searing Ray           Conj           100%       2d8       1%          2
c - Fulminant Prism       Conj/Hex       20%        3d12      6%          4
d - Iskenderun's Mystic   Conj/Tloc      40%        2d9       6%          4

Your spell library contained the following spells:

 Spells                   Type           Power      Damage    Failure   Level
 Dazzling Flash           Conj/Hex       80%        N/A       1%          3
 Call Canine Familiar     Summ           12%        N/A       11%         3
 Portal Projectile        Hex/Tloc       24%        N/A       11%         3
 Tukima's Dance           Hex            12%        N/A       11%         3
 Leda's Liquefaction      Hex/Erth       6%         N/A       36%         4
 Manifold Assault         Tloc           12%        N/A       36%         4
 Blade Hands              Tmut           6%         N/A       71%         5
 Dispersal                Tloc           6%         N/A       99%         6
 Disjunction              Tloc           6%         N/A       100%        8


Dungeon Overview and Level Annotations

Branches:
Dungeon (9/15)             Temple (1/1) D:4         Ossuary (visited)
   Lair: D:8-11         Orc: D:9-12

Shops:
D:3 !


Innate Abilities, Weirdness & Mutations

You have an increased reservoir of magic. (+10% MP)
You shall have no god before yourself.
Your divine heritage dramatically boosts your attributes as you level up.


Message History

Confirm with . or Enter, or press ? or * to list all spells.
You don't know that spell.
Casting: Fulminant Prism (dangerous; 6% risk of failure)
Confirm with . or Enter, or press ? or * to list all spells.
You erupt in a blast of force!
The mystic blast hits the skeletal warrior.
The skeletal warrior is severely damaged.
The skeletal warrior is knocked back by the mystic blast.
Casting: Iskenderun's Mystic Blast (dangerous; 6% risk of failure)
Confirm with . or Enter, or press ? or * to list all spells.
Aiming: Fulminant Prism (dangerous; 6% risk of failure)
Press: ? - help, Dir - move target You conjure a prism of explosive energy!
A fulminant prism comes into view.
Your fulminant prism crackles loudly.
Your fulminant prism explodes!
The blast of energy engulfs the skeletal warrior but does no damage.
The skeletal warrior is severely damaged.
Casting: Fulminant Prism (dangerous; 6% risk of failure)
Confirm with . or Enter, or press ? or * to list all spells.
Aiming: Fulminant Prism (dangerous; 6% risk of failure)
Press: ? - help, Dir - move target You conjure a prism of explosive energy!
A fulminant prism comes into view.
Okay, then.
Okay, then.
The skeletal warrior hits you with a +0 scimitar!
Your fulminant prism crackles loudly.
The skeletal warrior blocks your attack.
The skeletal warrior is severely damaged.
The skeletal warrior closely misses you.
Your fulminant prism explodes!
The blast of energy engulfs the skeletal warrior!
The skeletal warrior is almost destroyed.
The skeletal warrior hits you with a +0 scimitar!!
* * * LOW HITPOINT WARNING * * *
As you read the scroll of teleportation, it crumbles to dust.
You feel strangely unstable.
The skeletal warrior hits you with a +0 scimitar!
You die...

#.).....#
#.####### ..# #.#
#(# #.# #.# #.#
#.. #.# ###.###.##
#.# #......... #.#
#......... #.#
#......... #@#
###...(..... #z#
#........... #.#
#.#......... #.#
#.#......... #.#
#.#.........
#.#####...........
#........#######.#
#.(.....## #.#
######### #.#


You could see a skeletal warrior (reflecting).

Vanquished Creatures
  A troll (D:9)
  A hornet (D:6)
  A wyvern (D:7)
  2 steam dragons (D:9)
  2 acid dragons
  Duvessa (D:4)
  3 water moccasins
  An ice beast (D:6)
  A sky beast (D:8)
  2 black bears
  An orc warrior (D:9)
  4 centaurs
  An ogre (D:5)
  Blork the orc (D:5)
  A kobold brigand (D:8)
  2 bullfrogs
  2 gnoll sergeants
  2 scorpions
  3 water moccasin zombies (Ossuary)
  7 wights
  Dowan (D:4)
  9 killer bees
  3 howler monkeys
  4 centaur zombies (Ossuary)
  4 jellies
  2 hounds
  5 orc priests
  2 iguanas (D:5)
  3 sleepcaps (D:5)
  3 orc wizards
  2 scorpion zombies (Ossuary)
  An ogre zombie (Ossuary)
  3 gnolls (D:8)
  3 adders
  A shadow imp (D:5)
  5 ufetubi
  8 adder zombies (Ossuary)
  A worm (D:2)
  3 dart slugs
  18 orcs
  3 ball pythons
  6 bats
  6 endoplasms
  2 gnoll zombies (Ossuary)
  7 goblins
  7 hobgoblins
  10 jackals
  2 quokkas
  5 frilled lizards
  6 goblin zombies (Ossuary)
  A hobgoblin zombie (Ossuary)
  8 kobolds
  3 orc zombies (Ossuary)
  8 rats
  A butterfly (D:4)
195 creatures vanquished.

Vanquished Creatures (collateral kills)
  A cyclops (D:9)
  A meliai (shapeshifter) (D:9)
  A kobold brigand (D:9)
  An orc wizard (D:9)
  3 kobolds (D:9)
7 creatures vanquished.

Vanquished Creatures (others)
  A kobold (D:9)
  5 fulminant prisms (D:9)
6 creatures vanquished.

Grand Total: 208 creatures vanquished

Notes
Turn   | Place    | Note
-------+----------+-------------------------------------------
     0 | D:1      | Gabide the Demigod Conjurer began the quest for the Orb.
     0 | D:1      | Reached XP level 1. HP: 14/14 MP: 5/5
   185 | D:1      | Reached XP level 2. HP: 9/22 MP: 0/7
  1163 | D:2      | Reached XP level 3. HP: 27/27 MP: 1/8
  1352 | D:2      | Reached skill level 1 in Fighting
  2307 | D:3      | Found Fukei's Distillery.
  2312 | D:3      | Bought a potion of curing for 30 gold pieces
  2312 | D:3      | Bought a potion of heal wounds for 50 gold pieces
  2440 | D:3      | Reached XP level 4. HP: 35/35 MP: 6/10
  3022 | D:4      | Learned a level 2 spell: Searing Ray
  3046 | D:4      | Noticed Dowan
  3049 | D:4      | Noticed Duvessa
  3064 | D:4      | Killed Duvessa
  3065 | D:4      | Reached XP level 5. HP: 28/41 MP: 6/11
  3070 | D:4      | Killed Dowan
  3424 | D:4      | Reached XP level 6. HP: 40/50 MP: 5/13
  3588 | D:4      | Found a sand-covered staircase.
  3593 | Ossuary  | Entered an ossuary
  4227 | Ossuary  | Reached skill level 5 in Conjurations
  4554 | Ossuary  | Reached XP level 7. HP: 57/57 MP: 16/16
  5013 | Ossuary  | Noticed a silent spectre
  5191 | D:4      | Found a staircase to the Ecumenical Temple.
  5198 | Temple   | Entered the Ecumenical Temple
  5826 | D:5      | Entered Level 5 of the Dungeon
  6057 | D:5      | Reached skill level 5 in Spellcasting
  6368 | D:5      | Reached XP level 8. HP: 57/63 MP: 20/20
  6482 | D:5      | Noticed Blork the orc
  6488 | D:5      | Killed Blork the orc
  6913 | D:6      | Identified the +1 mace of Paper {vamp, rPois rCorr MP+9
                  | Str+3}
  7237 | D:6      | Noticed a hornet
  7243 | D:6      | Killed a hornet
  8032 | D:7      | Reached XP level 9. HP: 51/72 MP: 23/23
  8512 | D:7      | Noticed a +0 short sword
  8512 | D:7      | Noticed a +0 dagger
  8513 | D:7      | Noticed a +0 dagger
  8513 | D:7      | Noticed a +0 spear
  8513 | D:7      | Noticed a +0 short sword
  8513 | D:7      | Noticed a +0 falchion
  8513 | D:7      | Noticed a +0 falchion
  8515 | D:7      | Noticed a +0 spear
  8890 | D:8      | Reached skill level 5 in Fighting
  8890 | D:8      | Reached skill level 5 in Dodging
  9407 | D:8      | Identified the +0 cloak of the Ten Xenops {MP+9 SInv}
 10251 | D:9      | Noticed a cyclops
 10268 | D:9      | Killed a cyclops
 10269 | D:9      | Reached XP level 10. HP: 40/83 MP: 25/25
 10291 | D:9      | Identified the amulet of Dironnav {Faith rElec rPois Str+5
                  | Dex-2}
 10291 | D:9      | Noticed a skeletal warrior
 10291 | D:9      | HP: 4/83 [steam dragon/ball of steam (19)]
 10794 | D:9      | Learned a level 4 spell: Fulminant Prism
 10799 | D:9      | Learned a level 4 spell: Iskenderun's Mystic Blast
 10904 | D:9      | Mangled by a skeletal warrior

Illustrated notes

Levels and vault maps discovered:
D:1:      dpeg_arrival_round_b, layout_basic, chequers_ecumenical_altar_simple
D:2:      layout_rooms
D:3:      layout_basic, lemuel_crystal_altar, trog_three_pillars_becter,
          serial_shops, shop
D:4:      layout_basic, okawaru_trees_2, minmay_temple_entry_butterflies,
          nicolae_ossuary_entry_plus, uniq_duvessa
D:5:      layout_gridville, minmay_misc_feat_hallway, glass_columns_c,
          grunt_ministairs_4, uniq_blork_the_orc
D:6:      layout_loops_ring, old_standard_altar, fedhas_bush_and_centaur_altar
D:7:      layout_loops_cross, grunt_temple_overflow_open,
          nicolae_uskayaw_en_pointe, serial_aquarium, aquarium_bridge_square
          [aquarium_subvault_wall, aquarium_subvault_balcony,
          aquarium_subvault_bridge, aquarium_subvault_balcony],
          aquarium_bridge_straight [aquarium_subvault_bridge,
          aquarium_subvault_wall, aquarium_subvault_bridge,
          aquarium_subvault_window], aquarium_window_2,
          aquarium_window_corridor_1, aquarium_window_1, aquarium_window_1,
          aquarium_view_2d, aquarium_pool_corner
D:8:      layout_gridville, nicolae_elyvilon_peaceful_grove,
          amcnicky_altar_gilded
D:9:      layout_loops_ring, serial_shops, shop, minmay_pinched_square,
          uniq_maggie
Temple:   jpeg_temple_island

Skill      XL: |  1  2  3  4  5  6  7  8  9 10 |
---------------+-------------------------------+-----
Stealth        | 2 3 |  3.0
Dodging        | 2 3 4 6 |  6.0
Spellcasting   | 2 3 5 6 7 8 |  8.1
Fighting       | 1 2 3 4 6 |  6.0
Conjurations   | 4 5 6 8 |  8.4

Action                     |  1- 3 |  4- 6 |  7- 9 | 10-12 || total
---------------------------+-------+-------+-------+-------++-------
  Melee: Unarmed           |    18 |       |       |       ||    18
         Dagger            |     4 |    11 |     1 |       ||    16
         Long sword        |       |    10 |       |       ||    10
         Mace              |       |       |       |     1 ||     1
  Throw: Dart              |       |       |       |     1 ||     1
   Cast: Magic Dart        |   102 |   134 |    91 |       ||   327
         Searing Ray       |       |    11 |    75 |     2 ||    88
         Iskenderun's Myst |       |       |       |    12 ||    12
         Fulminant Prism   |       |       |       |     5 ||     5
    Use: Scroll            |     8 |     1 |    18 |     3 ||    30
         Potion            |       |     4 |     6 |       ||    10
   Stab: Sleeping          |       |     1 |       |       ||     1
 Armour: Robe              |     3 |       |       |     1 ||     4
         Ring mail         |       |    53 |    73 |     2 ||   128
  Dodge: Dodged            |    21 |    58 |   125 |     7 ||   211
  Block: Buckler           |       |       |     6 |     1 ||     7
